Map: [TLMC15] Curious Minds

Players

Clem - Winner!

  • Race: Terran Terran

Trap

  • Race: Protoss Protoss

Event: DreamHack SC2 Masters 2021 Winter

VOD

Have the link to the VOD?

Description

Time

  • Played on: Nov. 13, 2021, 8:33 a.m.
  • Length: 12:25

All games in this series

Show
View Real Time Build Order
Export as new Build Order

Clem Terran - Winner!

Build Orders:  

Get SALT Encoding   

  12  0:00  SCV  
  13  0:12  SCV  
  14  0:17  Supply Depot  
  14  0:24  SCV  
  15  0:30  Refinery  
  15  0:38  SCV  
  16  0:45  Barracks  
  16  0:50  SCV  
  17  1:02  SCV  
  18  1:07  Engineering Bay  
  18  1:14  SCV  
  20  1:36  Orbital Command, Marine  
  20  1:39  Factory  
  20  1:53  Supply Depot  
  20  1:54  Barracks Reactor  
  20  2:01  SCV  
  21  2:13  SCV  
  22  2:21  Command Center  
  22  2:25  Widow Mine  
  22  2:27  SCV  
  25  2:33  Marine x2  
  27  2:41  Starport  
  27  2:46  Supply Depot  
  27  2:51  Widow Mine  
  29  2:52  SCV  
  29  2:57  Refinery  
  30  2:58  Marine  
  31  3:07  SCV, Marine  
  33  3:16  Marine  
  33  3:19  SCV  
  35  3:21  Medivac  
  35  3:25  Marine  
  38  3:31  SCV  
  38  3:33  Widow Mine  
  38  3:34  Marine  
  42  3:41  Barracks  
  42  3:43  SCV  
  42  3:44  Marine  
  44  3:51  Orbital Command  
  44  3:52  Marine  
  45  3:57  Factory Tech Lab, Starport Tech Lab  
  45  4:01  SCV  
  46  4:04  Supply Depot  
  46  4:05  Marine  
  47  4:15  Marine  
  47  4:17  Supply Depot  
  48  4:18  Raven  
  48  4:20  SCV  
  50  4:27  Marine  
  50  4:29  SCV, Marine  
  47  4:32  Marine  
  47  4:35  Cyclone  
  47  4:39  SCV  
  47  4:41  SCV  
  49  4:46  Marine  
  49  4:51  SCV  
  49  4:52  Marine  
  53  4:58  SCV  
  53  5:01  Barracks  
  53  5:05  Marine  
  54  5:08  SCV  
  54  5:09  Marine  
  54  5:10  SCV, Stimpack, Viking  
  54  5:12  Marine  
  60  5:16  Supply Depot  
  60  5:19  Refinery  
  60  5:20  SCV  
  61  5:23  SCV  
  61  5:26  Cyclone  
  65  5:28  Engineering Bay  
  65  5:32  SCV  
  65  5:33  Marine, Supply Depot  
  65  5:34  Marine  
  68  5:37  SCV, Marine  
  69  5:48  Marine, Supply Depot  
  68  5:51  Marine  
  68  5:52  Marine  
  68  5:54  SCV  
  68  5:55  Marine  
  65  5:59  Terran Infantry Weapons Level 1  
  65  6:02  Starport Reactor  
  65  6:06  SCV x2, Supply Depot  
  65  6:08  Refinery  
  65  6:09  Marine  
  65  6:10  Marine  
  65  6:11  Factory Reactor  
  69  6:15  Marine  
  70  6:18  SCV  
  70  6:21  Combat Shield  
  70  6:22  Marine  
  70  6:24  SCV  
  73  6:25  Supply Depot  
  73  6:31  SCV, Marine x2  
  75  6:37  SCV, Medivac x2  
  75  6:39  Marine  
  81  6:40  Marine  
  81  6:43  Supply Depot  
  81  6:44  SCV  
  83  6:48  Widow Mine x2  
  83  6:49  Marine x2  
  83  6:50  Concussive Shells  
  83  6:52  Supply Depot  
  89  6:57  Marine  
  89  7:00  Marauder  
  92  7:05  Supply Depot  
  92  7:08  SCV  
  93  7:11  Marine x2  
  93  7:12  Widow Mine x2  
  101  7:15  Medivac x2, Marauder  
  107  7:23  Marauder  
  107  7:29  Marine x2  
  106  7:37  Widow Mine, Marauder  
  106  7:40  Command Center  
  108  7:45  Widow Mine, Medivac x2  
  108  7:51  Marine x2  
  102  7:52  Marauder  
  99  7:59  Marine  
  93  8:07  Widow Mine x2  
  93  8:09  Marine x2  
  93  8:11  Barracks  
  97  8:13  Barracks  
  97  8:14  Marine  
  97  8:15  Terran Infantry Armor Level 1  
  98  8:20  Marine  
  98  8:26  SCV x2, Marine x2  
  102  8:30  Medivac x2  
  102  8:33  Widow Mine  
  109  8:34  Widow Mine  
  109  8:40  Marine  
  109  8:41  Marine, Supply Depot  
  112  8:44  Marine x2  
  112  8:48  SCV x2  
  112  8:53  Orbital Command  
  112  8:59  Widow Mine  
  112  9:01  Barracks Reactor, Barracks Tech Lab  
  112  9:02  Widow Mine  
  116  9:03  Marauder x2  
  116  9:07  Marine x2  
  116  9:09  SCV  
  122  9:16  Medivac x2  
  98  9:18  SCV x2  
  98  9:21  SCV, Marauder  
  97  9:24  Marauder  
  97  9:26  Marauder  
  97  9:28  Marine x2  
  98  9:33  SCV  
  98  9:34  SCV x2  
  96  9:38  Marine x2  
  96  9:42  Widow Mine, Marauder  
  102  9:46  SCV, Marine, Marauder  
  102  9:48  Marine  
  102  9:49  Ghost Academy  
  102  9:52  Marauder  
  109  9:55  SCV  
  109  9:57  Widow Mine  
  112  10:00  Marine x2  
  112  10:03  Marine, Marauder  
  112  10:05  Widow Mine  
  112  10:06  Marine  
  116  10:10  Marine, Medivac x2  
  115  10:14  Marine  
  115  10:18  Widow Mine, Marine x2  
  120  10:25  Marauder  
  120  10:27  Marine x2  
  120  10:28  Ghost  
  124  10:30  Widow Mine  
  124  10:32  Ghost  
  124  10:34  Refinery  
  129  10:36  Marine x2  
  129  10:40  Supply Depot  
  129  10:41  Supply Depot  
  129  10:42  Widow Mine  
  133  10:44  Marine  
  133  10:45  Ghost  
  133  10:49  Marine  
  136  10:51  Supply Depot  
  136  10:54  Widow Mine  
  136  10:56  Ghost  
  138  11:01  Ghost  
  138  11:03  Medivac  
  133  11:04  Marine x3  
  133  11:06  Widow Mine  
  133  11:07  Marine  
  139  11:15  Ghost  
  139  11:20  Barracks  
  139  11:21  Command Center  
  139  11:24  Marine x2  
  141  11:26  Medivac  
  141  11:31  Marine  
  139  11:33  Marauder  
  139  11:34  Marine  
  139  11:36  Medivac  
  142  11:41  Marine  
  142  11:44  Marauder  
  142  11:46  Widow Mine x2  
  141  11:49  Marine x2  
  145  11:54  Marine x2, Marauder  
  147  12:03  Barracks  
  147  12:04  Barracks  
  144  12:09  Armory  
  144  12:11  Engineering Bay  
Show
View Real Time Build Order
Export as new Build Order

Trap Protoss 

Build Orders: Oracle Opening, Phoenix Opening 

Get SALT Encoding   

  12  0:00  Probe  
  13  0:12  Probe  
  14  0:20  Pylon  
  14  0:24  Probe  
  15  0:38  Probe (Chrono Boost), Gateway  
  16  0:47  Probe (Chrono Boost), Assimilator  
  17  0:52  Probe  
  18  1:04  Probe  
  19  1:16  Probe  
  20  1:26  Zealot, Cybernetics Core  
  20  1:28  Probe  
  20  1:31  Pylon  
  23  1:45  Assimilator  
  23  1:49  Probe  
  24  1:59  Adept (Chrono Boost)  
  24  2:01  Probe  
  27  2:16  Stargate  
  27  2:24  Adept  
  29  2:30  Warp Gate  
  29  2:38  Nexus  
  29  2:40  Probe  
  29  2:47  Pylon  
  29  2:53  Probe  
  30  3:02  Oracle (Chrono Boost)  
  30  3:05  Probe  
  34  3:15  Pylon  
  34  3:17  Probe  
  33  3:29  Oracle (Chrono Boost)  
  33  3:33  Probe  
  35  3:44  Gateway  
  35  3:45  Gateway  
  35  3:46  Probe  
  36  3:54  Probe  
  37  3:58  Phoenix (Chrono Boost)  
  39  4:03  Probe  
  39  4:06  Probe  
  41  4:10  Shield Battery  
  41  4:14  Phoenix (Chrono Boost)  
  43  4:20  Stalker  
  45  4:25  Probe x2  
  39  4:37  Phoenix (Chrono Boost), Probe x2  
  43  4:49  Probe (Chrono Boost)  
  43  4:50  Probe (Chrono Boost)  
  45  4:54  Phoenix  
  47  5:02  Probe (Chrono Boost)  
  47  5:06  Assimilator  
  49  5:07  Probe (Chrono Boost)  
  49  5:10  Probe (Chrono Boost)  
  49  5:12  Stalker  
  49  5:13  Stalker  
  49  5:14  Probe (Chrono Boost)  
  55  5:16  Probe  
  56  5:22  Pylon  
  56  5:27  Twilight Council  
  57  5:29  Probe (Chrono Boost)  
  57  5:30  Probe (Chrono Boost)  
  58  5:39  Probe (Chrono Boost)  
  58  5:41  Probe (Chrono Boost)  
  60  5:44  Probe (Chrono Boost)  
  61  5:50  Probe  
  61  5:56  Probe  
  58  5:58  Charge (Chrono Boost), Phoenix  
  58  6:01  Nexus  
  60  6:07  Sentry  
  62  6:13  Pylon  
  62  6:17  Shield Battery  
  62  6:23  Phoenix  
  64  6:27  Gateway  
  64  6:32  Gateway  
  64  6:33  Sentry  
  66  6:40  Gateway  
  66  6:41  Gateway  
  66  6:44  Forge  
  66  6:47  Probe x2  
  66  6:52  Phoenix (Chrono Boost)  
  70  6:59  Zealot, Sentry  
  70  7:00  Zealot  
  76  7:05  Probe x2  
  78  7:09  Shield Battery  
  78  7:14  Phoenix (Chrono Boost)  
  77  7:23  Zealot x3  
  77  7:27  Zealot  
  83  7:31  Zealot  
  81  7:38  Zealot x2  
  85  7:50  Zealot x4  
  83  7:51  Phoenix (Chrono Boost)  
  83  7:57  Probe x3  
  86  8:00  Zealot x2  
  84  8:05  Protoss Ground Armor Level 1 (Chrono Boost)  
  80  8:13  Phoenix (Chrono Boost)  
  80  8:14  Probe x3  
  85  8:20  Zealot x3  
  85  8:24  Sentry  
  93  8:28  Pylon  
  93  8:30  Pylon  
  93  8:31  Shield Battery  
  92  8:35  Phoenix (Chrono Boost)  
  93  8:45  Zealot x4  
  93  8:56  Zealot x3  
  93  8:57  Phoenix (Chrono Boost)  
  93  8:59  Probe x2  
  93  9:00  Probe  
  104  9:06  Templar Archives  
  101  9:15  Phoenix (Chrono Boost)  
  89  9:18  Probe x2  
  89  9:19  Probe  
  88  9:30  Zealot x5  
  88  9:31  Phoenix (Chrono Boost)  
  94  9:34  Probe x3  
  99  9:40  Zealot x2  
  101  9:50  Phoenix (Chrono Boost)  
  101  9:51  Pylon  
  103  9:55  Zealot  
  103  9:56  Zealot x2  
  109  10:00  Pylon  
  109  10:12  Phoenix  
  91  10:16  Nexus  
  91  10:19  Assimilator  
  91  10:21  Zealot x2, Assimilator, High Templar x2  
  91  10:22  Zealot  
  91  10:26  Zealot x2, Archon  
  103  10:32  Shield Battery  
  103  10:39  Photon Cannon  
  103  10:40  Probe x3  
  106  10:47  Zealot x3  
  106  10:48  Zealot  
  113  10:50  Phoenix (Chrono Boost)  
  115  11:03  Zealot, Sentry x2  
  115  11:08  Phoenix (Chrono Boost)  
  115  11:17  Zealot x4  
  115  11:25  Probe x2  
  117  11:26  Probe  
  117  11:30  Phoenix (Chrono Boost)  
  106  11:34  Zealot x3  
  102  11:43  Zealot x4  
  102  11:47  Phoenix (Chrono Boost)  
  100  11:58  Zealot  
  100  11:59  Zealot x2  
  90  12:03  Zealot x2  
  90  12:06  Zealot  
  90  12:07  Zealot  

Tags
 
Add a new tag
Caveats
  • Supply blocks, unpowered buildings, or Contaminate may cause inaccurate times.
  • Supply counts are checked every 10 seconds.